 Dungeon Crawl Stone Soup version 0.20.0-15-g7f486f2 (webtiles) character file.

1838 greprep the Skirmisher (level 8, 0/71 HPs)
             Began as a Minotaur Fighter on June 9, 2017.
             Was an Initiate of Ashenzari.
             Slain by a killer bee (3 damage)
             ... on level 7 of the Dungeon.
             The game lasted 00:10:04 (4857 turns).

greprep the Skirmisher (Minotaur Fighter)           Turns: 4857, Time: 00:10:04

Health: 0/71       AC: 13    Str: 20 (23) XL:     8   Next: 87%
Magic:  8/8        EV:  4    Int:  2 (5)  God:    Ashenzari [......]
Gold:   311        SH: 15    Dex:  9 (10) Spells: 7/7 levels left

rFire    . . .     SeeInvis .   a - +0 long sword
rCold    . . .     Gourm    .   u - +0 large shield
rNeg     . . .     Faith    .   x - +0 plate armour
rPois    .         Spirit   .   (helmet restricted)
rElec    .         Reflect  .   (no cloak)
rCorr    .         Harm     .   (no gloves)
MR       .....                  (no boots)
Stlth    ..........             r - amulet of regeneration
Regen    0.0/turn               (no ring)
MPRegen  0.2/turn               (no ring)

@: lethally poisoned (0 -> -12)
A: retaliatory headbutt, horns 2, low mp 1, inhibited regeneration, evolution 1
a: Curse Item, Renounce Religion


You were on level 7 of the Dungeon.
You worshipped Ashenzari.
Ashenzari was noncommittal.
You were very hungry.

You visited 2 branches of the dungeon, and saw 8 of its levels.

You collected 311 gold pieces.

Inventory:

Hand Weapons
 a - a +0 long sword (weapon)
Armour
 u - a +0 large shield (worn)
 x - a +0 plate armour (worn)
Jewellery
 b - the amulet "Sousch" {Reflect +Fly rElec Dex-4 SH+2 Stlth+}
   (You found it on level 4 of the Dungeon)

   [amulet of reflection]

   It shields you and reflects attacks.
   It affects your dexterity (-4).
   It insulates you from electricity.
   It lets you fly.
   It affects your SH (+2).
   It makes you more stealthy.
 r - an amulet of regeneration (around neck)
 C - an uncursed ring of see invisible
Wands
 t - a wand of confusion (10/48)
 v - a wand of polymorph (0/24)
 D - a wand of scattershot (6/9)
Scrolls
 c - a scroll of fear {unknown}
 e - 5 scrolls of teleportation {unknown}
 i - 3 scrolls of recharging {unknown}
 j - 2 scrolls of enchant armour {unknown}
 m - 2 scrolls of immolation {unknown}
 o - 4 scrolls of remove curse
 p - 2 scrolls of random uselessness {unknown}
 q - 4 scrolls of identify {unknown}
 s - 2 scrolls of amnesia {unknown}
 y - a scroll of enchant weapon {unknown}
Potions
 d - 2 potions of might
 g - 2 potions of degeneration
 k - 4 potions of curing
 w - a potion of magic {unknown}
 z - a potion of brilliance {unknown}
 B - a potion of lignification {unknown}
Comestibles
 f - 2 bread rations
 l - 2 meat rations
 n - 2 royal jellies
 A - 2 fruits


   Skills:
 + Level 6.9 Fighting
 + Level 6.4 Long Blades
 + Level 6.6 Armour
 + Level 5.0 Dodging
 + Level 6.8 Shields
 + Level 3.2 Evocations


You had 7 spell levels left.
You didn't know any spells.

Dungeon Overview and Level Annotations

Branches:
Dungeon (7/15)             Temple (1/1) D:5

Altars:
Ashenzari
Dithmenos
Elyvilon
Fedhas
Gozag
Hepliaklqana
Makhleb
Nemelex Xobeh
Okawaru
Qazlal
Ru
Sif Muna
Trog
Uskayaw
Vehumet
Xom
Yredelemnul
The Shining One

Shops:
D:5 }


Innate Abilities, Weirdness & Mutations

You reflexively headbutt those who attack you in melee.
You have a pair of horns on your head.
Your magical capacity is low. (-10% MP)
You do not regenerate when monsters are visible.
You evolve.


Message History

You hit the killer bee.
The killer bee is severely wounded.
* * * LOW HITPOINT WARNING * * *
You feel sick. You block the killer bee's attack. x2
An orc comes into view. It is wielding a short sword.
You closely miss the killer bee.
The killer bee is severely wounded.
* * * LOW HITPOINT WARNING * * *
You feel sick.
The orc shouts!
The killer bee stings you but does no damage.
The killer bee stings you.
* * * LOW HITPOINT WARNING * * *
You block the killer bee's attack.
Your shield prevents you from hitting the killer bee.
You headbutt the killer bee.
The killer bee is almost dead.
* * * LOW HITPOINT WARNING * * *
You feel sick. You block the killer bee's attack. The killer bee stings you.
You die...

### ..# .#
#.# .# #.#
.# #@####.#
#y##...##
#y#o.†..##
#yo......###
#Ho.........
#........###
##o......##
#.<....###
#.....##


You could see a hippogriff, 3 killer bees and 3 orcs.

Vanquished Creatures
  Edmund (D:4)
  2 ice beasts
  A hornet zombie (D:6)
  An orc warrior (D:6)
  A phantom (D:4)
  An ogre (D:5)
  A centaur (D:6)
  Blork the orc (D:5)
  3 bullfrogs (D:6)
  3 killer bees (D:7)
  2 crimson imps (D:5)
  2 howler monkeys
  4 hounds
  2 orc priests (D:4)
  A bullfrog skeleton (D:5)
  2 iguanas (D:6)
  An orc wizard (D:4)
  3 worker ants
  4 gnolls (D:5)
  A howler monkey skeleton (D:5)
  5 adders
  An adder skeleton (D:5)
  4 worms
  3 dart slugs
  4 leopard geckos
  19 orcs
  A giant cockroach (D:1)
  5 goblins
  6 hobgoblins
  8 jackals
  8 kobolds
  A quokka (D:3)
  6 bats
  6 frilled lizards
  2 jackal skeletons
  A jackal zombie (D:6)
  8 rats
125 creatures vanquished.

Vanquished Creatures (others)
  A withered plant (D:4)
1 creature vanquished.

Grand Total: 126 creatures vanquished

Notes
Turn   | Place    | Note
-------+----------+-------------------------------------------
     0 | D:1      | greprep the Minotaur Fighter began the quest for the Orb.
     0 | D:1      | Reached XP level 1. HP: 19/19 MP: 0/0
     1 | D:1      | Noticed an electric eel
   309 | D:1      | Reached XP level 2. HP: 27/27 MP: 1/1
   892 | D:2      | Reached XP level 3. HP: 33/33 MP: 2/2
  1442 | D:2      | Reached skill level 1 in Dodging
  1672 | D:3      | Reached XP level 4. HP: 40/40 MP: 3/3
  1985 | D:3      | Found a deep blue altar of Sif Muna.
  2134 | D:4      | Noticed a phantom
  2162 | D:4      | Killed a phantom
  2162 | D:4      | Reached XP level 5. HP: 34/47 MP: 4/4
  2220 | D:4      | Noticed Edmund
  2245 | D:4      | Killed Edmund
  2245 | D:4      | Reached skill level 5 in Shields
  2245 | D:4      | Reached XP level 6. HP: 55/55 MP: 5/5
  2255 | D:4      | Found a basalt altar of Yredelemnul.
  2306 | D:4      | Reached skill level 5 in Fighting
  2348 | D:4      | Found a bloodstained altar of Trog.
  2538 | D:4      | Found a hide-covered altar of Uskayaw.
  2633 | D:4      | Reached skill level 5 in Armour
  2792 | D:4      | Got a glittering silver amulet
  2844 | D:4      | Reached XP level 7. HP: 60/61 MP: 6/6
  2848 | D:4      | Found a burning altar of Makhleb.
  2986 | D:5      | Entered Level 5 of the Dungeon
  2992 | D:5      | Found a staircase to the Ecumenical Temple.
  3022 | D:5      | Noticed Blork the orc
  3043 | D:5      | Reached skill level 1 in Evocations
  3057 | D:5      | Killed Blork the orc
  3120 | Temple   | Entered the Ecumenical Temple
  3349 | D:5      | Reached skill level 5 in Long Blades
  3512 | D:5      | Found a stormy altar of Qazlal.
  3598 | D:5      | Found a shattered altar of Ashenzari.
  3598 | D:5      | Found a radiant altar of Vehumet.
  3626 | D:5      | Became a worshipper of Ashenzari the Shackled
  3626 | D:5      | Identified the amulet "Sousch" {Reflect +Fly rElec Dex-4 SH+2 Stlth+} (You found it on level 4 of the Dungeon)
  3963 | D:5      | Found Elut's Gadget Shop.
  4016 | D:6      | Reached XP level 8. HP: 70/70 MP: 8/8
  4831 | D:7      | Reached skill level 5 in Dodging
  4844 | D:7      | Gained mutation: Your muscles are strong. (Str +2) [potion of mutation]
  4844 | D:7      | Gained mutation: You are partially covered in large bone plates. (SH +4) [potion of mutation]
  4846 | D:7      | Lost mutation: Your muscles are strong. (Str +2) [potion of mutation]
  4846 | D:7      | Lost mutation: You are partially covered in large bone plates. (SH +4) [potion of mutation]
  4846 | D:7      | Gained mutation: Armour fits poorly on your strangely shaped body. [potion of mutation]
  4846 | D:7      | Gained mutation: You are weak. (Str -2) [potion of mutation]
  4846 | D:7      | Gained mutation: You are partially covered in yellow scales. (AC +2) [potion of mutation]
  4846 | D:7      | Gained mutation: You are agile. (Dex +2) [potion of mutation]
  4847 | D:7      | Lost mutation: You are weak. (Str -2) [potion of mutation]
  4847 | D:7      | Lost mutation: You are agile. (Dex +2) [potion of mutation]
  4847 | D:7      | Lost mutation: Armour fits poorly on your strangely shaped body. [potion of mutation]
  4847 | D:7      | Lost mutation: You are partially covered in yellow scales. (AC +2) [potion of mutation]
  4847 | D:7      | Gained mutation: You do not regenerate when monsters are visible. [potion of mutation]
  4847 | D:7      | Gained mutation: Your magical capacity is low. (-10% MP) [potion of mutation]
  4847 | D:7      | Gained mutation: You evolve. [potion of mutation]
  4855 | D:7      | Noticed a hippogriff
  4857 | D:7      | HP: 3/71 [poisoned by a killer bee]
  4857 | D:7      | Slain by a killer bee

Skill      XL: |  1  2  3  4  5  6  7  8 |
---------------+-------------------------+-----
Shields        | 4 5 6 |  6.8
Long Blades    | 3 4 5 6 |  6.4
Armour         | 4 5 6 |  6.6
Fighting       | 4 5 6 |  6.9
Dodging        | 1 2 3 4 5 |  5.0
Evocations     | 2 3 |  3.2

Action                   |  1- 3 |  4- 6 |  7- 9 || total
-------------------------+-------+-------+-------++-------
Melee: Long sword        |   117 |   155 |   219 ||   491
       Headbutt          |    11 |    25 |    45 ||    81
 Abil: Evoke Berserk Rag |     2 |       |       ||     2
  Use: Potion            |       |     1 |     5 ||     6
  Eat: Chunk             |     2 |     1 |     7 ||    10
       Bread ration      |     1 |       |       ||     1
Armor: Scale mail        |    52 |    62 |       ||   114
       Skin              |       |     6 |       ||     6
       Plate armour      |       |       |    96 ||    96
Dodge: Dodged            |    32 |    55 |    35 ||   122
Block: Shield            |    65 |    69 |       ||   134
       Large shield      |       |     3 |   186 ||   189
       Rpst.: Long sword |    12 |    10 |    10 ||    32
